 Dungeon Crawl Stone Soup version 0.30.1-11-g7821555f0a (webtiles) character file.

Game seed: 12128513650930768731

4782 SacredBeard the Prestidigitator (level 10, 0/80 HPs)
             Began as a Demonspawn Necromancer on Nov 27, 2023.
             Was an Initiate of Kikubaaqudgha.
             Slain by Gastronok (28 damage)
             ... on level 8 of the Dungeon.
             The game lasted 00:32:39 (12671 turns).

SacredBeard the Prestidigitator (DsNe)             Turns: 12671, Time: 00:32:42

Health: 0/80       AC: 11    Str: 13    XL:     10   Next: 23%
Magic:  17/17      EV: 11    Int: 24    God:    Kikubaaqudgha [......]
Gold:   370        SH:  0    Dex: 13    Spells: 14/19 levels left

rFire   . . .        x - +1 short sword (flame)
rCold   . . .        (no shield)
rNeg    . . .        M - +6 leather armour of the Grand Alphagorgon {Str+3}
rPois   .            (helmet restricted)
rElec   .            t - +0 cloak
rCorr   .            C - +0 pair of gloves
SInv    .            (no boots)
Will    .....        D - amulet of magic regeneration
Stlth   ++           (no ring)
HPRegen 0.33/turn    (no ring)
MPRegen 0.55/turn

%: no passive effects
@: slowed, very slow
A: antennae 1, big brain 2, demonic magic 2
a: Renounce Religion


You were on level 8 of the Dungeon.
You worshipped Kikubaaqudgha.
Kikubaaqudgha was noncommittal.
You visited 2 branches of the dungeon, and saw 9 of its levels.
You also visited: Ossuary.

You collected 370 gold pieces.

Inventory:

Hand Weapons
 g - a +0 dagger of venom
 x - a +1 short sword of flaming (weapon)
Missiles
 d - 51 stones
 l - 5 javelins
 I - a throwing net
 L - 3 boomerangs
 N - 2 poisoned darts
Armour
 f - the +0 ring mail "Gohu" {Rampage *Corrode Fly rElec}
   (You found it on level 2 of the Dungeon)

   rElec:     It insulates you from electricity.
   Fly:       It grants you flight.
   *Corrode:  It may corrode you when you take damage.
   Rampage:   It bestows one free step when moving towards enemies.
 q - a +0 helmet
 s - a +2 plate armour of willpower
 t - a +0 cloak (worn)
 C - a +0 pair of gloves (worn)
 G - a +2 robe of cold resistance
 M - the +6 leather armour of the Grand Alphagorgon (worn) {Str+3}
   (You found it on level 6 of the Dungeon)

   Str:       It affects your strength (+3).
Jewellery
 D - an amulet of magic regeneration (around neck)
Wands
 n - a wand of quicksilver (3)
 u - a wand of mindburst (4)
 J - a wand of paralysis (9)
 P - a wand of flame (13)
 Q - a wand of iceblast (8)
 R - a wand of polymorph (7)
Scrolls
 a - 5 scrolls of amnesia
 h - a scroll of identify
 j - 5 scrolls of teleportation
 k - 3 scrolls of enchant armour
 m - 2 scrolls of enchant weapon {unknown}
 o - 2 scrolls of vulnerability {unknown}
 p - a scroll of noise {unknown}
 y - 4 scrolls of poison {unknown}
 A - 3 scrolls of blinking
 E - 2 scrolls of fear {unknown}
 F - a scroll of torment {unknown}
 O - a scroll of silence {unknown}
 T - a scroll of fog {unknown}
 U - 4 scrolls of immolation {unknown}
Potions
 b - 2 potions of magic
 c - a potion of ambrosia {unknown}
 e - 8 potions of curing
 i - a potion of resistance {unknown}
 r - 4 potions of attraction
 v - 2 potions of heal wounds
 w - a potion of might {unknown}
 z - a potion of lignification {unknown}
 B - 3 potions of flight
 H - a potion of haste {unknown}
 K - a potion of cancellation {unknown}


   Skills:
 + Level 8.1 Fighting
 - Level 2.0 Throwing
 - Level 1.7 Dodging
 - Level 1.7 Stealth
 - Level 5.0 Spellcasting
 * Level 4.7 Summonings
 - Level 7.0 Necromancy
 - Level 9.0 Evocations


You had 14 spell levels left.
You knew the following spells:

 Your Spells              Type           Power      Damage    Failure   Level
a - Necrotise             Necr           100%       1d9       1%          1
b - Animate Dead          Necr           39%        N/A       6%          4

Your spell library contained the following spells:

 Spells                   Type           Power      Damage    Failure   Level
 Summon Small Mammal      Summ           100%       N/A       1%          1
 Vampiric Draining        Necr           39%        2d8       1%          3
 Call Canine Familiar     Summ           28%        N/A       4%          3
 Summon Guardian Golem    Hex/Summ       17%        N/A       13%         3
 Agony                    Necr           39%        N/A       17%         5
 Frozen Ramparts          Ice            12%        1d2       32%         3
 Mephitic Cloud           Conj/Pois/Air  6%         N/A       32%         3
 Summon Ice Beast         Ice/Summ       17%        N/A       38%         4
 Ice Form                 Ice/Tmut       6%         N/A       73%         4
 Leda's Liquefaction      Hex/Erth       3%         N/A       73%         4
 Lee's Rapid Deconstruct  Erth           3%         3d5*      97%         5
 Eringya's Noxious Bog    Tmut/Pois      3%         N/A       100%        6
 Statue Form              Tmut/Erth      4%         N/A       100%        6


Dungeon Overview and Level Annotations

Branches:
Dungeon (8/15) Zot: 23930  Temple (1/1) D:7 Zot: 5795 Ossuary (visited)
   Lair: D:8-11

Altars:
Cheibriados
Fedhas
Gozag
Kikubaaqudgha
Makhleb
Nemelex Xobeh
Okawaru
Qazlal
Ru
Sif Muna
Trog
Vehumet
Wu Jian
Xom

Shops:
D:3 [[:[   D:8 (

Annotations:
D:8 Gastronok


Innate Abilities, Weirdness & Mutations

You have a pair of small antennae on your head.
You have an extremely huge brain. (Int +4)
Spells you cast may paralyse nearby enemies.


Message History

Aim: Gastronok, wearing a +0 hat (lightly wounded, chance to affect: 19%) Gastronok resists with almost no effort.
The bat hits you but does no damage.
Gastronok's eyestalks quiver as he mumbles some strange words.
Gastronok puts on a burst of speed!
The rat bites you but does no damage.
You hit Gastronok. You burn Gastronok.
Gastronok is lightly wounded.
The bat hits you but does no damage. The rat barely misses you.
You hit Gastronok. You burn Gastronok.
Gastronok is lightly wounded.
The bat hits you but does no damage. Gastronok bites you!!
The rat closely misses you.
You hit Gastronok but do no damage. You punch Gastronok, but do no damage.
Gastronok is lightly wounded.
The bat hits you but does no damage. The rat bites you but does no damage.
The bat barely misses you.
You hit Gastronok but do no damage. You punch Gastronok.
Gastronok is lightly wounded.
The bat barely misses you. Gastronok casts a spell at you.
You feel yourself slow down. The rat barely misses you.
You hit Gastronok. You burn Gastronok.
Gastronok is lightly wounded.
The bat barely misses you. x2; The rat bites you.
Gastronok sloshes about.
Gastronok waves his eye-stalks in wide circles.
The air twists around and strikes you!!
Aiming: Paralyse
Press: ? - help, Shift-Dir - straight line, f/p - Gastronok
Aim: Gastronok, wearing a +0 hat (lightly wounded, covering ground quickly, chance to affect: 19%) Gastronok resists with almost no effort.
The bat closely misses you. The rat barely misses you.
The rat bites you but does no damage.
Aiming: Paralyse
Press: ? - help, Shift-Dir - straight line, f/p - Gastronok
Aim: Gastronok, wearing a +0 hat (lightly wounded, covering ground quickly, chance to affect: 19%) Gastronok resists with almost no effort.
The bat closely misses you. Gastronok bites you!!
You die...
Kikubaaqudgha rasps: "You have failed me!
Welcome... death!"

.........# #.# .........#
###################.# .........#
#.................... .........#
##...................#
############....................#
.........................>......#
############....................#
######### #.....b..............#
........####....@w..........#####
................r...#.......# #
....................#.......# #
....................#.......#
#####################.......#
#.......# #.......##### #########
#............ #.......#
#.......#####


You could see Gastronok (swift), a bat (summoned) and a rat (summoned).

Vanquished Creatures
  Erica (D:8)
  Sigmund (D:6)
  2 wraiths (Ossuary)
  3 yaks (D:8)
  Eustachio (D:4)
  Menkaure (D:4)
  4 water moccasins
  2 ice beasts (D:5)
  2 orc warriors
  A black bear (D:4)
  An ogre (D:7)
  A centaur (D:7)
  A phantom (D:6)
  3 bullfrogs
  2 scorpions
  3 wights (Ossuary)
  4 killer bees (D:7)
  3 howler monkeys
  5 hounds
  A jelly (D:4)
  3 orc priests
  Crazy Yiuf (D:3)
  An iguana (D:6)
  2 orc wizards (D:4)
  Robin (D:2)
  10 adders
  12 gnolls
  A shadow imp (D:7)
  An ufetubus (D:4)
  An adder zombie (Ossuary)
  2 worms (D:2)
  4 dart slugs
  25 orcs
  9 bats
  11 endoplasms
  7 giant cockroaches
  12 goblins
  11 hobgoblins
  6 jackals (D:3)
  10 kobolds
  8 quokkas
  5 ball pythons
  2 frilled lizards (D:1)
  A hobgoblin skeleton (Ossuary)
  2 hobgoblin zombies (Ossuary)
  3 orc skeletons (Ossuary)
  2 orc zombies (Ossuary)
  5 rats
200 creatures vanquished.

Vanquished Creatures (collateral kills)
  A yak (D:8)
  A centaur (D:8)
  A bullfrog (D:8)
  A howler monkey (D:8)
  An orc priest (D:7)
  A hound (D:4)
  2 orcs (D:6)
  A goblin (D:2)
9 creatures vanquished.

Grand Total: 209 creatures vanquished

Notes
Turn   | Place    | Note
-------+----------+-------------------------------------------
     0 | D:1      | SacredBeard the Demonspawn Necromancer began the quest for
                  | the Orb.
     0 | D:1      | Reached XP level 1. HP: 13/13 MP: 3/3
   135 | D:1      | Gained mutation: You have an unusually large brain. (Int
                  | +2) [demonic ancestry]
   135 | D:1      | Reached XP level 2. HP: 19/19 MP: 1/5
   574 | D:1      | Reached skill level 5 in Necromancy
   983 | D:2      | Gained mutation: Spells you cast may paralyse adjacent
                  | enemies. [demonic ancestry]
   983 | D:2      | Reached XP level 3. HP: 17/24 MP: 1/6
  1547 | D:2      | Noticed Robin
  1716 | D:2      | Identified the +0 ring mail "Gohu" {Rampage *Corrode Fly
                  | rElec}
  1786 | D:2      | Reached XP level 4. HP: 30/30 MP: 5/8
  1838 | D:2      | Found a faded altar of an unknown god.
  2076 | D:2      | Killed Robin
  2554 | D:3      | Found Udit's Book Shop.
  2572 | D:3      | Found Ixutiw's Antique Armour Shoppe.
  2736 | D:3      | Learned a level 4 spell: Animate Dead
  2785 | D:3      | Found Qoovo's Antique Armour Shoppe.
  3087 | D:3      | Found Reottinu's Antique Armour Shoppe.
  3132 | D:3      | Reached XP level 5. HP: 35/35 MP: 6/9
  3384 | D:3      | Found a sacrificial altar of Ru.
  3535 | D:3      | Found a runed translucent door.
  3536 | D:3      | Noticed Crazy Yiuf
  3543 | D:3      | Killed Crazy Yiuf
  3617 | D:4      | Noticed Eustachio
  3629 | D:4      | Killed Eustachio
  3630 | D:4      | Reached skill level 1 in Throwing
  3630 | D:4      | Reached skill level 1 in Evocations
  3630 | D:4      | Gained mutation: You have an extremely huge brain. (Int +4)
                  | [demonic ancestry]
  3630 | D:4      | Reached XP level 6. HP: 32/41 MP: 1/11
  3768 | D:4      | Reached skill level 2 in Evocations
  3964 | D:4      | Noticed Menkaure
  4191 | D:4      | Got the Cyclopedia of Toxins
  4224 | D:4      | Found a shimmering altar of Xom.
  4290 | D:4      | Killed Menkaure
  4291 | D:4      | Reached XP level 7. HP: 25/46 MP: 13/13
  4404 | D:4      | Reached skill level 3 in Evocations
  4750 | D:4      | Found an ornate altar of the Wu Jian Council.
  5111 | D:5      | Entered Level 5 of the Dungeon
  5235 | D:5      | Reached skill level 5 in Spellcasting
  5264 | D:5      | Reached skill level 1 in Fighting
  5411 | D:5      | Reached skill level 4 in Evocations
  6048 | D:5      | Reached XP level 8. HP: 57/57 MP: 8/15
  6104 | D:5      | Reached skill level 5 in Evocations
  6610 | D:6      | Noticed Sigmund
  6629 | D:6      | Killed Sigmund
  6630 | D:6      | Reached skill level 6 in Evocations
  6911 | D:6      | Identified the +6 leather armour of the Grand Alphagorgon
                  | {Str+3}
  7651 | D:7      | Reached skill level 7 in Evocations
  7708 | D:7      | Reached skill level 5 in Fighting
  7708 | D:7      | Gained mutation: Spells you cast may paralyse nearby
                  | enemies. [demonic ancestry]
  7708 | D:7      | Reached XP level 9. HP: 33/68 MP: 10/16
  8272 | D:7      | Found a staircase to the Ecumenical Temple.
  8299 | Temple   | Entered the Ecumenical Temple
  8480 | Temple   | Became a worshipper of Kikubaaqudgha
  8595 | D:7      | Reached skill level 8 in Evocations
  8632 | D:7      | Found a radiant altar of Vehumet.
  8829 | D:8      | Noticed Gastronok
  9061 | D:8      | Reached skill level 9 in Evocations
  9121 | D:8      | Found a sand-covered staircase.
  9125 | Ossuary  | Entered an ossuary
 10025 | D:8      | Gained mutation: You have a pair of small antennae on your
                  | head. [demonic ancestry]
 10025 | D:8      | Reached XP level 10. HP: 62/71 MP: 13/17
 10116 | D:8      | Noticed Erica
 10119 | D:8      | Paralysed by Erica for 4 turns
 10125 | D:8      | Paralysed by Erica for 5 turns
 12381 | D:8      | Killed Erica
 12469 | D:8      | Found Meddih Isocw's Antique Weapon Shoppe.
 12671 | D:8      | Slain by Gastronok

Illustrated notes

Levels and vault maps discovered:
D:1:      dpeg_arrival_solitude, layout_loops_cross
D:2:      layout_basic, shapermc_ecumenical_altar_mp_urbaneastern, uniq_robin
D:3:      layout_basic, lemuel_crystal_altar, serial_shops,
          nicolae_shop_behind_doors, shop, nicolae_shop_stone,
          nicolae_shop_dealshenge, uniq_crazy_yiuf_cottage
D:4:      layout_loops_ring, general_overflow_altar, nzn_wu_jian_contemplation,
          minmay_close_crescents, uniq_eustachio, uniq_menkaure
D:5:      layout_basic, mainiacjoe_overflow_alcove_4
D:6:      layout_rooms, gup_sewer_entry_bubbles, grunt_ministairs_2,
          kennysheep_generic_room_16, uniq_sigmund
D:7:      layout_loops_ring, vehumet_crystals, kennysheep_mini,
          minmay_temple_entry_nine_rooms
D:8:      layout_basic, nicolae_ossuary_entry_plus, serial_shops,
          nicolae_shop_window_shopping, uniq_erica, uniq_gastronok
Temple:   nicolae_temple_bog_church

Skill      XL: |  1  2  3  4  5  6  7  8  9 10 |
---------------+-------------------------------+-----
Necromancy     | 5 6 7 |  7.0
Spellcasting   | 3 4 5 |  5.0
Throwing       | 1 2 |  2.0
Evocations     | 1 2 4 7 9 |  9.0
Fighting       | 2 5 7 8 |  8.1
Summonings     | 3 4 |  4.7
Dodging        | |  1.7
Stealth        | |  1.7

Action                     |  1- 3 |  4- 6 |  7- 9 | 10-12 || total
---------------------------+-------+-------+-------+-------++-------
  Melee: Unarmed           |    21 |       |       |       ||    21
         Short sword       |    29 |    12 |   186 |     8 ||   235
         Dagger            |       |    24 |       |       ||    24
         Punch             |       |       |     2 |     2 ||     4
  Throw: Stone             |     7 |     2 |     3 |     6 ||    18
   Cast: Necrotise         |    84 |   107 |   291 |    40 ||   522
  Evoke: Wand              |       |     6 |     5 |     5 ||    16
    Use: Potion            |     1 |       |     1 |       ||     2
         Scroll            |     1 |       |     6 |       ||     7
   Stab: Distracted        |     1 |       |     2 |       ||     3
         Paralysed         |       |     3 |    50 |       ||    53
         Sleeping          |       |       |     3 |       ||     3
 Armour: Robe              |    15 |       |       |       ||    15
         Ring mail         |       |    26 |    38 |       ||    64
         Leather armour    |       |       |    52 |    12 ||    64
  Dodge: Dodged            |    40 |    31 |   119 |    29 ||   219
